 Dungeon Crawl Stone Soup version 0.29.1-1-gd02db6906a (webtiles) character file.

Game seed: 6077288142312624065

948 IxDamienxI the Chopper (level 8, 0/61 HPs)
             Began as a Human Fighter on Oct 15, 2022.
             Slain by an orc warrior
             ... wielding a +0 halberd
              (13 damage)
             ... on level 6 of the Dungeon.
             The game lasted 00:20:35 (6394 turns).

IxDamienxI the Chopper (Human Fighter)              Turns: 6394, Time: 00:20:36

Health: 0/61       AC: 10    Str: 19    XL:     8   Next: 35%
Magic:  8/8        EV: 10    Int:  8    God:
Gold:   226        SH:  5    Dex: 13    Spells: 7/7 levels left

rFire   . . .      SeeInvis .   a - +1 war axe
rCold   + . .      Faith    .   c - +0 buckler
rNeg    . . .      Spirit   .   i - +2 scale mail {rC+}
rPois   .          Reflect  .   (no helmet)
rElec   .          Harm     .   (no cloak)
rCorr   .          Rampage  .   (no gloves)
Will    .....                   h - +0 pair of boots
Stlth   ..........              (no amulet)
HPRegen 0.20/turn               (no ring)
MPRegen 0.11/turn               (no ring)

@: no status effects
A: no striking features
a: no special abilities


You were on level 6 of the Dungeon.
You visited 1 branch of the dungeon, and saw 6 of its levels.

You collected 226 gold pieces.

Inventory:

Hand Weapons
 a - a +1 war axe (weapon)
 n - a +0 sling
Missiles
 g - a throwing net (quivered)
Armour
 b - a +0 scale mail
 c - a +0 buckler (worn)
 h - a +0 pair of boots (worn)
 i - a +2 scale mail of cold resistance (worn)
Jewellery
 p - a +6 ring of intelligence
Wands
 r - a wand of charming (8)
 t - a wand of flame (10)
Scrolls
 k - a scroll of immolation
 o - a scroll of vulnerability
Potions
 d - a potion of might
 e - 3 potions of mutation
 f - 2 potions of magic
 j - a potion of ambrosia
 l - 5 potions of haste {unknown}
 q - a potion of brilliance
 s - a potion of degeneration {unknown}


   Skills:
 + Level 4.5 Fighting
 * Level 6.1 Axes
 * Level 5.7 Armour
 + Level 1.7 Dodging
 + Level 0.3 Stealth
 + Level 3.8 Shields


You had 7 spell levels left.
You didn't know any spells.
Your spell library contained the following spells:

 Spells                   Type           Power      Damage    Failure   Level
 Apportation              Tloc           0%         N/A       85%         1
 Sting                    Tmut/Pois      0%         1d3       85%         1
 Poisonous Vapours        Pois/Air       0%         N/A       94%         2
 Conjure Flame            Conj/Fire      0%         6-21      99%         3
 Ignite Poison            Fire/Tmut/Pois 0%         N/A       99%         3
 Mephitic Cloud           Conj/Pois/Air  0%         N/A       99%         3
 Olgreb's Toxic Radiance  Pois           0%         N/A       100%        4
 Sticky Flame             Conj/Fire      0%         2d3       100%        4
 Alistair's Intoxication  Tmut/Pois      0%         N/A       100%        5
 Freezing Cloud           Conj/Ice/Air   0%         6-21      100%        5


Dungeon Overview and Level Annotations

Branches:
Dungeon (6/15)             Temple (0/1) D:4

Altars:
Makhleb
Nemelex Xobeh
Sif Muna
Vehumet
Wu Jian

Shops:
D:4 (   D:5 =

Annotations:
D:3 exclusion: statue
D:5 3 runed translucent doors, ratmagoo's ghost, novice DENe


Message History

You hit the hound but do no damage.
The hound is almost dead.
The hound bites you but does no damage. The hound bites you.
You hit the hound.
You kill the hound!
Unknown command.
You start resting.
HP restored.
Found a scroll of identify.
Found 19 gold pieces.
An orc comes into view. It is wielding a +0 flail.
The orc shouts!
You hear a shout!
An orc warrior and an orc priest come into view.
The orc warrior shouts!
The orc priest shouts!
The orc hits you with a +0 flail.
You slash the orc!
You kill the orc!
You block the orc warrior's attack.
The orc priest invokes the aid of Beogh against you.
Beogh smites you!
You see here a +0 flail.
The orc priest invokes the aid of Beogh against you.
Beogh smites you!
The orc warrior hits you but does no damage.
You closely miss the orc warrior. The orc warrior barely misses you.
You hit the orc warrior but do no damage.
The orc warrior hits you with a +0 halberd.
The orc warrior hits you but does no damage.
You closely miss the orc warrior.
An ufetubus comes into view.
The orc warrior hits you with a +0 halberd!
* * * LOW HITPOINT WARNING * * *
The ufetubus moves out of view.
You slash the orc warrior!
The orc warrior is moderately wounded.
The orc warrior barely misses you.
You hit the orc warrior but do no damage.
The orc warrior is moderately wounded.
The orc warrior hits you with a +0 halberd!
You die...

##....####.#
##.!.......#
#.........#
#<....##
##......#
#..###..# #..#
.# ##.# .# #@#
..# #o# #.#
#o# # #.###.##
.# #.#...##..#
#.........#
####.......###
.......)..##
###.....?##


You could see an orc warrior and an orc priest.

Vanquished Creatures
  A water moccasin (D:5)
  An ice beast (D:5)
  2 ogres (D:5)
  A phantom (D:5)
  2 orc priests (D:4)
  A gnoll bouda (D:4)
  A hound (D:6)
  An iguana (D:5)
  4 orc wizards
  7 gnolls
  5 adders
  An ufetubus (D:4)
  2 worms (D:3)
  3 dart slugs
  18 orcs
  11 ball pythons
  14 endoplasms
  4 giant cockroaches
  6 goblins
  6 hobgoblins
  7 jackals (D:4)
  2 quokkas
  5 bats
  6 frilled lizards
  9 kobolds
  7 rats
127 creatures vanquished.

Vanquished Creatures (others)
  4 demonic plants (D:2)
4 creatures vanquished.

Grand Total: 131 creatures vanquished

Notes
Turn   | Place    | Note
-------+----------+-------------------------------------------
     0 | D:1      | IxDamienxI the Human Fighter began the quest for the Orb.
     0 | D:1      | Reached XP level 1. HP: 18/18 MP: 1/1
   175 | D:1      | Reached XP level 2. HP: 17/24 MP: 2/2
   619 | D:1      | Reached XP level 3. HP: 28/29 MP: 3/3
   954 | D:2      | Reached skill level 1 in Dodging
  1193 | D:2      | Reached XP level 4. HP: 34/35 MP: 4/4
  1270 | D:2      | Found a burning altar of Makhleb.
  1899 | D:3      | Found a faded altar of an unknown god.
  1939 | D:3      | Reached XP level 5. HP: 42/42 MP: 5/5
  2057 | D:3      | Reached skill level 3 in Axes
  2712 | D:3      | Found a radiant altar of Vehumet.
  2714 | D:3      | Noticed a charred statue
  2768 | D:4      | Found a staircase to the Ecumenical Temple.
  3051 | D:4      | Reached XP level 6. HP: 14/48 MP: 6/6
  3295 | D:4      | Found Ceypi's Antique Weapon Boutique.
  3569 | D:4      | Reached skill level 4 in Axes
  3653 | D:4      | Found a shimmering blue altar of Sif Muna.
  3674 | D:4      | Found a burning altar of Makhleb.
  3682 | D:4      | Found a sparkling altar of Nemelex Xobeh.
  4214 | D:5      | Entered Level 5 of the Dungeon
  4370 | D:5      | Reached XP level 7. HP: 44/55 MP: 7/7
  4437 | D:5      | Noticed a water moccasin
  4447 | D:5      | Killed a water moccasin
  4448 | D:5      | Reached skill level 5 in Axes
  4620 | D:5      | Reached skill level 5 in Armour
  4867 | D:5      | Found Irit's Jewellery Boutique.
  4942 | D:5      | Found a runed translucent gate.
  4942 | D:5      | Found a runed translucent gate.
  4942 | D:5      | Found a runed translucent gate.
  4942 | D:5      | Noticed ratmagoo's ghost (novice DENe)
  5006 | D:5      | Reached XP level 8. HP: 26/61 MP: 8/8
  5339 | D:5      | Found an ornate altar of the Wu Jian Council.
  5886 | D:5      | Reached skill level 6 in Axes
  6394 | D:6      | Slain by an orc warrior

Illustrated notes

Levels and vault maps discovered:
D:1:      saegor_arrival_simple_c, layout_loops_ring
D:2:      minmay_recursive_quarters, layout_rooms, basic_altar,
          dreamdust_princess_corridor
D:3:      layout_basic, vehumet_statue, nicolae_ecumenical_pavilion
D:4:      layout_basic, minmay_overflow_temple_star_quad,
          minmay_temple_entry_wispy, serial_shops, nicolae_shop_crystal
D:5:      layout_gridville, nicolae_wu_jian_immortal_techniques,
          gammafunk_ghost_nasty_kobolds, serial_shops, shop,
          chequers_serial_rivers_small_a
D:6:      layout_layer_cave, serial_shops, shop

Skill      XL: |  1  2  3  4  5  6  7  8 |
---------------+-------------------------+-----
Dodging        | 1 |  1.7
Axes           | 3 4 5 6 |  6.1
Armour         | 4 5 |  5.7
Fighting       | 4 |  4.5
Stealth        | |  0.3
Shields        | |  3.8

Action                   |  1- 3 |  4- 6 |  7- 9 || total
-------------------------+-------+-------+-------++-------
Melee: War axe           |    76 |   212 |    90 ||   378
  Use: Scroll            |     6 |     7 |     2 ||    15
       Potion            |       |       |     7 ||     7
Armor: Scale mail        |    32 |   154 |    57 ||   243
Dodge: Dodged            |    45 |   126 |    50 ||   221
Block: Buckler           |    14 |    61 |    25 ||   100
